 Dungeon Crawl Stone Soup version 0.29-a0-233-g1125b37a9b (webtiles) character file.

Game seed: 15519056406720140054

518 spaghetti the Ruffian (level 7, -2/46 HPs)
             Began as an Octopode Fighter on Mar 1, 2022.
             Killed from afar by an acid dragon (30 damage)
             ... with a splash of acid
             ... on level 5 of the Dungeon.
             The game lasted 00:05:34 (4595 turns).

spaghetti the Ruffian (Octopode Fighter)            Turns: 4595, Time: 00:05:35

Health: -2/46      AC:  1    Str: 17    XL:     7   Next: 21%
Magic:  7/7        EV: 13    Int: 10    God:
Gold:   185        SH:  5    Dex: 14    Spells: 6/6 levels left

rFire   + . .      SeeInvis .     - Unarmed
rCold   . . .      Faith    .   a - +0 buckler
rNeg    . . .      Spirit   .   (helmet restricted)
rPois   .          Reflect  .   (no amulet)
rElec   .          Harm     .   j - ring of protection from fire
rCorr   .          Rampage  .   (no ring)
Will    +....                   (no ring)
Stlth   ++........              (no ring)
HPRegen 0.95/turn               (no ring)
MPRegen 0.10/turn               (no ring)
                                (no ring)
                                (no ring)

@: mighty, flying
A: almost no armour, amphibious, 8 rings, camouflage 1, gelatinous body 1,
(nimble swimmer 1), tentacles, strong-willed 1, regeneration 1, strong 1, wild
magic 1
a: no special abilities


You were on level 5 of the Dungeon.
You visited 1 branch of the dungeon, and saw 5 of its levels.

You collected 185 gold pieces.


Innate Abilities, Weirdness & Mutations

You cannot wear most types of armour.
You are amphibious.
You can wear up to eight rings at the same time.
Your skin changes colour to match your surroundings (Stealth+).
Your rubbery body absorbs attacks. (AC +1, EV +1)
((You are camouflaged when in or above water. (Stealth+)))
You have tentacles for arms and can constrict up to eight enemies at once.
You are strong-willed. (Will+)
Your natural rate of healing is unusually fast.
Your muscles are strong. (Str +2)
Your spells are a little harder to cast, but a little more powerful.


   Skills:
 - Level 3.0 Fighting
 - Level 3.0 Dodging
 - Level 3.0 Shields
 + Level 7.7 Unarmed Combat


You had 6 spell levels left.
You didn't know any spells.
Your spell library contained the following spells:

 Spells                   Type           Power      Damage    Failure   Level
 Static Discharge         Conj/Air       0%         N/A       67%         2
 Dispel Undead            Necr           0%         3d6       99%         4
 Sticky Flame             Conj/Fire      0%         2d3       99%         4

Inventory:

Hand Weapons
 e - a +0 club {mace}
   (You took it off a goblin on level 1 of the Dungeon)
Missiles
 h - 91 stones (quivered) {throwing}
 r - 2 throwing nets {=f!fthrowing}
 u - 2 poisoned darts {throwing}
Armour
 a - a +0 buckler (worn)
Magical Staves
 v - a staff of poison {!astaff}
   (You found it on level 4 of the Dungeon)
 w - a staff of poison {!astaff}
   (You found it on level 4 of the Dungeon)
Jewellery
 j - a ring of protection from fire (left tentacle)
   (You found it on level 1 of the Dungeon)
 x - a ring of wizardry
   (You found it on level 5 of the Dungeon)
Wands
 p - a wand of iceblast (8)
   (You found it on level 2 of the Dungeon)
Scrolls
 c - 3 scrolls of enchant weapon
 i - a scroll of fear
 k - 3 scrolls of teleportation {@r4}
 m - 2 scrolls of blinking {!r}
 n - a scroll of holy word {unknown}
 o - 2 scrolls of vulnerability {unknown}
 q - a scroll of enchant armour
Potions
 d - a potion of attraction {!q}
 f - a potion of might
 g - 2 potions of heal wounds {@q2}

Dungeon Overview and Level Annotations

Branches:
Dungeon (5/15)
 Temple: D:4-7

Altars:
Dithmenos
Elyvilon
Fedhas
Hepliaklqana
Qazlal
Trog
Xom

#...# #...# ##### #...#
.<..# #...# #.#.## #...#
#.#..# #...# ###########
#.##.###...# #..........
#.##..##...#######..........
...........+....@'D..$......
#.###..#...####+##..........
#.........#......#..........
...###.##.#......#..........
.. #..#.#......#.......... .
##.#.#......#......!...
.#.#......##########.
...#......# .##......#


You could see an acid dragon (catching breath).


Message History

The sky beast shocks you. 😮 HP[-6]
You take 6 damage, and now have 31/46 hp.
You are too injured to fight recklessly!
You are too injured to fight recklessly!
You are too injured to fight recklessly!
You are too injured to fight recklessly!
You are too injured to fight recklessly!
You are too injured to fight recklessly!
You are too injured to fight recklessly!
You are too injured to fight recklessly!
You are too injured to fight recklessly!
A sky beast is nearby!
A sky beast is nearby!
You closely miss the sky beast. You tentacle-slap the sky beast.
You squeeze the sky beast, but do no damage.
The sky beast hits you. The sky beast shocks you. 😮 HP[-7]
You take 7 damage, and now have 24/46 hp.
You completely miss the sky beast. Your squeeze misses the sky beast.
The sky beast barely misses you.
You closely miss the sky beast. Your squeeze misses the sky beast.
The sky beast hits you.
* * * LOW HITPOINT WARNING * * *
The sky beast shocks you.
* * * LOW HITPOINT WARNING * * *
😨 HP[-8]
You take 8 damage, and now have 16/46 hp.
Unknown command.
As you read the scroll of fear, it crumbles to dust.
You assume a fearsome visage.
The sky beast looks frightened!
An adder comes into view. 😨 HP[+1]
You see here a ring of wizardry.
Unknown command.
x - a ring of wizardry 😨 HP[+1]
You open the door.
There is an open door here.
You close the door.
You start resting. 😎 HP[+28]
Your hp is fully restored (46).
As you open the door, it creaks loudly!
You hear a bark!
A hound comes into view.
There is an open door here.
A hound is nearby!
An acid dragon comes into view.
The hound misses you. The hound barely misses you.
The acid dragon roars!
You bludgeon the hound! Your grab misses the hound. The hound bites you.
The acid dragon spits acid at you. The splash of acid hits you!!
The acid corrodes you!
You are too injured to fight recklessly!
You are too injured to fight recklessly! 😮 HP[-19]
You take 19 damage, and now have 27/46 hp.
MASSIVE DAMAGE!! (PAUSE)
The hound closely misses you.
There is an open door here.
You block the hound's attack.
It was a potion of mutation.
You feel extremely strange.
You feel stronger.
You begin to heal more quickly.
You feel less in control of your magic.
You feel strong-willed. The hound bites you.
* * * LOW HITPOINT WARNING * * *
😨 HP[-5]
You take 5 damage, and now have 22/46 hp.
It was a potion of cancellation.
Your magical effects are unravelling.
You feel magically purged.
You are no longer corroded.
You block the hound's attack.
The hound misses you. 😨 HP[+1] It was a potion of flight.
You feel very buoyant.
You fly up into the air.
The hound closely misses you. 😮 HP[+1] It was a potion of curing.
You feel better. The hound barely misses you.
You block the hound's attack. 😮 HP[+7]
You regained 7 hp, and now have 31/46 hp.
You closely miss the hound. Your grab misses the hound. You squeeze the hound.
The hound bites you. 😮 HP[-3]
You take 3 damage, and now have 28/46 hp.
You tentacle-slap the hound. You grab the hound.
You constrict the hound, but do no damage.
You block the hound's attack. The hound bites you. 😮 HP[-2]
You take 2 damage, and now have 26/46 hp.
You feel very mighty all of a sudden.
You constrict the hound. The hound closely misses you. 😮 HP[+1]
You bludgeon the hound!
You kill the hound!
The acid dragon spits acid at you. The splash of acid hits you!!
Ouch! That really hurt!
You die...

Skill      XL: |  1  2  3  4  5  6 |
---------------+-------------------+-----
Unarmed Combat | 3 4 5 6 7 |  7.7
Fighting       | |  3.0
Dodging        | |  3.0
Shields        | |  3.0

Action                   |  1- 3 |  4- 6 |  7- 9 || total
-------------------------+-------+-------+-------++-------
Melee: Unarmed           |    75 |   118 |    13 ||   206
       Constrict         |    20 |    27 |     3 ||    50
       Tentacles         |    15 |    25 |     4 ||    44
       Punch             |     2 |     6 |     2 ||    10
Throw: Stone             |     8 |       |       ||     8
  Use: Scroll            |     5 |     1 |     1 ||     7
       Potion            |       |     4 |     5 ||     9
 Stab: Sleeping          |     6 |    10 |       ||    16
       Invisible         |       |     2 |       ||     2
       Distracted        |       |     2 |       ||     2
Armor: Skin              |    11 |     5 |       ||    16
Dodge: Dodged            |    39 |    53 |     9 ||   101
Block: Buckler           |    14 |    18 |     4 ||    36

Levels and vault maps discovered:
D:1:      dpeg_arrival_arbitrary_c, layout_loops_ring, minmay_tetromino_s2
D:2:      layout_rooms, basic_altar, shapermc_ecumenical_altar_flowoftime
D:3:      layout_basic, chequers_temple_overflow_statue_of_worship,
          minmay_divided_ellipse
D:4:      wad_crossroads, layout_basic, doesnt_xom_only_xom
D:5:      layout_basic, temple_fountains, corexii_item_surrounded_by_moat,
          uniq_edmund

Notes
Turn   | Place    | Note
-------+----------+-------------------------------------------
     0 | D:1      | spaghetti the Octopode Fighter began the quest for the Orb.
     0 | D:1      | Reached XP level 1. HP: 16/16 MP: 1/1
     0 | D:1      | magus.rc [v1.9.6]
   270 | D:1      | Reached XP level 2. HP: 19/21 MP: 2/2
   449 | D:1      | Reached skill level 3 in Unarmed Combat
   716 | D:1      | Reached XP level 3. HP: 26/26 MP: 3/3
  1731 | D:2      | Found a faded altar of an unknown god.
  1886 | D:3      | Noticed a necrophage
  1895 | D:3      | Reached skill level 4 in Unarmed Combat
  1895 | D:3      | Reached XP level 4. HP: 24/31 MP: 4/4
  1901 | D:3      | Killed a necrophage
  1902 | D:3      | Reached skill level 5 in Unarmed Combat
  1902 | D:3      | Reached XP level 5. HP: 25/36 MP: 5/5
  2480 | D:3      | You pick up a book of Touch and begin reading...
  2480 | D:3      | You add the spells Static Discharge, Sticky Flame and
                  | Dispel Undead to your library.
  2931 | D:3      | Reached skill level 6 in Unarmed Combat
  2983 | D:3      | Found a stormy altar of Qazlal.
  2984 | D:3      | Found a white marble altar of Elyvilon.
  3055 | D:3      | Reached XP level 6. HP: 39/42 MP: 6/6
  3158 | D:3      | Found a bloodstained altar of Trog.
  3820 | D:4      | Reached skill level 7 in Unarmed Combat
  3851 | D:4      | Found a glowing silver altar of Zin.
  3853 | D:4      | Found a blossoming altar of Fedhas.
  3853 | D:4      | Found a blossoming altar of Fedhas.
  3855 | D:4      | Found a shimmering altar of Xom.
  3855 | D:4      | Found a hazy altar of Hepliaklqana.
  3855 | D:4      | Found a shadowy altar of Dithmenos.
  4154 | D:4      | Reached XP level 7. HP: 42/46 MP: 7/7
  4358 | D:5      | Entered Level 5 of the Dungeon
  4588 | D:5      | Gained mutation: Your muscles are strong. (Str +2) [potion
                  | of mutation]
  4588 | D:5      | Gained mutation: Your natural rate of healing is unusually
                  | fast. [potion of mutation]
  4588 | D:5      | Gained mutation: Your spells are a little harder to cast,
                  | but a little more powerful. [potion of mutation]
  4588 | D:5      | Gained mutation: You are strong-willed. (Will+) [potion of
                  | mutation]
  4595 | D:5      | Killed from afar by an acid dragon

Vanquished Creatures
  2 necrophages
  2 scorpions (D:4)
  3 hounds
  An iguana (D:4)
  5 adders
  4 gnolls (D:3)
  An ufetubus (D:4)
  2 worms (D:4)
  4 dart slugs
  5 orcs
  5 ball pythons
  9 endoplasms
  3 giant cockroaches
  6 goblins
  6 hobgoblins
  10 jackals
  5 quokkas
  8 bats
  6 frilled lizards
  5 kobolds
  5 rats
97 creatures vanquished.

Table legend:
 A = Non-vault XP
 B = Vault XP
 C = Vault XP percentage of total XP
 D = Non-vault monster count
 E = Vault monster count
 F = Vault count percentage of total count
                 A         B        C        D         E       F
            +---------+---------+-------+---------+---------+-------
      Total |     577 |     205 |  26.2 |      78 |      19 |  19.6
            +---------+---------+-------+---------+---------+-------
        D:1 |      46 |       3 |   6.1 |      23 |       2 |   8.0
        D:2 |      11 |       0 |   0.0 |       7 |       0 |   0.0
        D:3 |     114 |     152 |  57.1 |      25 |      13 |  34.2
        D:4 |     272 |      50 |  15.5 |      21 |       4 |  16.0
        D:5 |     134 |       0 |   0.0 |       2 |       0 |   0.0
            +---------+---------+-------+---------+---------+-------

Illustrated notes

Table legend:
 A = Kills in this place as a percentage of kills in entire the game.
 B = Kills by you in this place as a percentage of kills by you in the entire game.
 C = Kills by friends in this place as a percentage of kills by friends in the entire game.
 D = Other kills in this place as a percentage of other kills in the entire game.
 E = Experience gained in this place as a percentage of experience gained in the entire game.
 F = Experience gained in this place divided by the number of levels of this place that you have seen.
                   A       B       C       D       E      F
               +-------+-------+-------+-------+-------+----------------------
         Total | 100.0 | 100.0 |   N/A |   N/A | 100.0 | 156.4
       Dungeon | 100.0 | 100.0 |   N/A |   N/A | 100.0 | 156.4
               +-------+-------+-------+-------+-------+----------------------

Table legend: (Time is in decaauts)
 A = Elapsed time spent in this place.
 B = Non-inter-level travel time spent in this place.
 C = Inter-level travel time spent in this place.
 D = Time resting spent in this place.
 E = Time spent auto-exploring this place.
 F = Levels seen in this place.
 G = Mean time per level.
                   A        B        C        D        E       F      G
               +--------+--------+--------+--------+--------+-----+--------+
         Total |   4564 |   4433 |    131 |   1220 |   2646 |   5 |  912.8 |
       Dungeon |   4564 |   4433 |    131 |   1220 |   2646 |   5 |  912.8 |
               +--------+--------+--------+--------+--------+-----+--------+

Top non-repeatable levels by time:
     D:3: 1524 daAuts
     D:1: 1139 daAuts
     D:4: 1055 daAuts
     D:2: 609 daAuts
     D:5: 235 daAuts
